 Dungeon Crawl Stone Soup version 0.30.1-4-g462c640d31 (webtiles) character file.

Game seed: 14730731470869570234

77 wingedge the Digger (level 3, 0/29 HPs)
             Began as a Demigod Wanderer on Aug 29, 2023.
             Blown up by Ijyb (16 damage)
             ... with a mindburst bolt
             ... on level 3 of the Dungeon.
             The game lasted 00:07:41 (2028 turns).

wingedge the Digger (Demigod Wanderer)              Turns: 2028, Time: 00:07:42

Health: 0/29       AC:  3    Str: 11    XL:     3   Next: 91%
Magic:  1/6        EV: 11    Int: 18    God:
Gold:   121        SH:  0    Dex: 15    Spells: 3/4 levels left

rFire   . . .        l - +1 spear (freeze)
rCold   . . .        (no shield)
rNeg    . . .        d - +0 robe
rPois   .            (no helmet)
rElec   .            b - +0 cloak
rCorr   .            (no gloves)
SInv    +            (no boots)
Will    .....        (no amulet)
Stlth   ++           s - ring of see invisible
HPRegen 0.24/turn    (no ring)
MPRegen 0.10/turn

%: no passive effects
@: invisible
A: high MP 1, forlorn, divine attributes
a: no special abilities


You were on level 3 of the Dungeon.
You visited 1 branch of the dungeon, and saw 3 of its levels.

You collected 121 gold pieces.

Inventory:

Hand Weapons
 l - a +1 spear of freezing (weapon)
Armour
 b - a +0 cloak (worn)
 d - a +0 robe (worn)
 f - a +0 ring mail
 p - a +1 pair of boots
Jewellery
 s - a ring of see invisible (left hand)
Scrolls
 e - 2 scrolls of teleportation
 g - a scroll of enchant armour
 i - a scroll of torment
 j - 2 scrolls of vulnerability
 k - a scroll of immolation {unknown}
 n - 2 scrolls of magic mapping {unknown}
 r - 2 scrolls of poison {unknown}
Potions
 a - a potion of ambrosia {unknown}
 c - a potion of berserk rage
 h - a potion of brilliance {unknown}
 m - a potion of invisibility
 o - a potion of flight
 q - 2 potions of haste {unknown}
 t - 2 potions of mutation {unknown}


   Skills:
 - Level 2.0 Fighting
 - Level 1.0 Throwing
 - Level 2.6 Stealth
 - Level 1.0 Spellcasting
 + Level 2.1 Summonings
 - Level 4.0 Earth Magic
 - Level 1.0 Evocations


You had 3 spell levels left.
You knew the following spells:

 Your Spells              Type           Power      Damage    Failure   Level
a - Sandblast             Erth           30%        2d9       3%          1

Your spell library contained the following spells:

 Spells                   Type           Power      Damage    Failure   Level
 Call Imp                 Summ           16%        N/A       13%         2
 Passwall                 Tmut/Erth      6%         N/A       13%         2
 Magic Dart               Conj           0%         1d3       21%         1
 Mephitic Cloud           Conj/Pois/Air  0%         N/A       52%         3
 Animate Armour           Summ/Erth      22%        N/A       50%         4


Dungeon Overview and Level Annotations

Branches:
Dungeon (3/15)

Shops:
D:1 (

Annotations:
D:3 Ijyb


Innate Abilities, Weirdness & Mutations

You have an increased reservoir of magic. (+10% MP)
You shall have no god before yourself.
Your divine heritage dramatically boosts your attributes as you level up.


Message History

The blast of sand hits Ijyb!
Ijyb is heavily wounded.
Ijyb barely misses you.
Ijyb screams, "Get away!"
Ijyb zaps a wand.
You barely resist.
Aiming: Sandblast (safe; 3% risk of failure)
Press: ? - help, Q - select action Shift-Dir - straight line, f/p - Ijyb
Aim: Ijyb, wielding a +0 dagger, wearing a +0 leather armour and carrying a wand of mindburst (12) (heavily wounded, unable to see you, 77% to hit)
The blast of sand hits Ijyb.
Ijyb is heavily wounded.
Aiming: Sandblast (safe; 3% risk of failure)
Press: ? - help, Q - select action Shift-Dir - straight line, f/p - Ijyb
Aim: Ijyb, wielding a +0 dagger, wearing a +0 leather armour and carrying a wand of mindburst (12) (heavily wounded, wandering, unable to see you, hasn't noticed you, 77% to hit)
The blast of sand hits Ijyb.
Ijyb is severely wounded.
Ijyb barely misses you.
Aiming: Sandblast (safe; 3% risk of failure)
Press: ? - help, Q - select action Shift-Dir - straight line, f/p - Ijyb
Aim: Ijyb, wielding a +0 dagger, wearing a +0 leather armour and carrying a wand of mindburst (12) (severely wounded, unable to see you, 77% to hit)
The blast of sand hits Ijyb.
Ijyb is severely wounded.
Ijyb closely misses you.
You hit Ijyb but do no damage.
Ijyb is severely wounded.
You hit Ijyb. You freeze Ijyb.
Ijyb is almost dead.
Ijyb hits you with a +0 dagger.
Reach: l) +1 spear (freeze)
Press: ? - help, Dir - move target, f/p - Ijyb
Aim: Ijyb, wielding a +0 dagger, wearing a +0 leather armour and carrying a wand of mindburst (12) (almost dead, unable to see you, about 44% to evade your +1 spear of freezing)
You hit Ijyb but do no damage.
Ijyb is almost dead.
Reach: l) +1 spear (freeze)
Press: ? - help, Dir - move target, f/p - Ijyb
Aim: Ijyb, wielding a +0 dagger, wearing a +0 leather armour and carrying a wand of mindburst (12) (almost dead, unable to see you, about 44% to evade your +1 spear of freezing)
You reach to attack!
You miss Ijyb.
Ijyb is almost dead.
Ijyb zaps a wand.
Your mind is blasted!
Ouch! That really hurt!
You die...

#.# #.# #.# #.#
...####.#######.#
#..............#
######.#########
#.# #.#
#.#########.#
#..g.@......#
#############


You could see Ijyb (unable to see you).

Vanquished Creatures
  2 adders (D:2)
  2 worms (D:2)
  2 dart slugs
  4 ball pythons
  2 endoplasms
  2 giant cockroaches
  4 goblins
  4 hobgoblins
  4 quokkas (D:1)
  6 bats
  A frilled lizard (D:3)
  8 kobolds
  6 rats
47 creatures vanquished.

Notes
Turn   | Place    | Note
-------+----------+-------------------------------------------
     0 | D:1      | wingedge the Demigod Wanderer began the quest for the Orb.
     0 | D:1      | wingedge set off with the following items: a +0 dagger, a
                  | +0 cloak, a potion of berserk rage, a +0 robe, a scroll of
                  | teleportation; and the following spell memorised:
                  | Sandblast; and the following spells available to memorise:
                  | Passwall, Animate Armour.
     0 | D:1      | Reached XP level 1. HP: 14/14 MP: 4/4
    26 | D:1      | Found Betidipi's Antique Weapon Boutique.
   388 | D:1      | Reached skill level 1 in Fighting
   388 | D:1      | Reached XP level 2. HP: 23/23 MP: 3/5
   895 | D:2      | Reached skill level 4 in Earth Magic
   935 | D:2      | Reached skill level 1 in Summonings
  1009 | D:2      | Reached XP level 3. HP: 25/28 MP: 1/6
  2014 | D:3      | Noticed Ijyb
  2028 | D:3      | Blown up by Ijyb

Illustrated notes

Levels and vault maps discovered:
D:1:      dpeg_arrival_simpleton_c, layout_basic, serial_shops,
          nicolae_shop_behind_doors
D:2:      layout_basic
D:3:      layout_loops_ring, serial_bayou_pond_c, uniq_ijyb

Skill      XL: |  1  2  3 |
---------------+----------+-----
Fighting       | 1 2 |  2.0
Earth Magic    | 4 |  4.0
Summonings     | 1 2 |  2.1
Throwing       | |  1.0
Stealth        | |  2.6
Spellcasting   | |  1.0
Evocations     | |  1.0

Action                     || total
---------------------------++-------
  Melee: Spear             ||     8
   Cast: Sandblast         ||    79
    Use: Scroll            ||     5
         Potion            ||     1
 Armour: Robe              ||    10
  Dodge: Dodged            ||    18
